 Dungeon Crawl Stone Soup version 0.21-a0-529-g8c7b3f5 (webtiles) character file.

11043 Devintownsend the Cleaver (level 11, -2/101 HPs)
             Began as a Minotaur Fighter on June 17, 2017.
             Was a Believer of Okawaru.
             Hit by a large rock thrown by a cyclops (8 damage)
             ... on level 11 of the Dungeon on Dec 8, 2017.
             The game lasted 00:51:44 (12686 turns).

Devintownsend the Cleaver (Minotaur Fighter)       Turns: 12686, Time: 00:51:45

Health: -2/101     AC: 14    Str: 26    XL:     11   Next: 44%
Magic:  10/10      EV:  8    Int:  5    God:    Okawaru [**....]
Gold:   464        SH:  0    Dex: 10    Spells: 10/10 levels left

rFire    + . .     SeeInvis .   F - +0 executioner's axe
rCold    . . .     Gourm    +   (shield currently unavailable)
rNeg     . . .     Faith    .   H - +0 chain mail
rPois    .         Spirit   .   (helmet restricted)
rElec    .         Reflect  .   (no cloak)
rCorr    .         Harm     .   (no gloves)
MR       .....                  x - +1 pair of boots
Stlth    ..........             D - amulet of the gourmand
HPRegen  0.26/turn              k - ring of protection from fire
MPRegen  0.12/turn              v - +2 ring of strength

@: drained
A: retaliatory headbutt, horns 2
a: Heroism, Renounce Religion


You were on level 11 of the Dungeon.
You worshipped Okawaru.
Okawaru was pleased with you.
You were full.

You visited 2 branches of the dungeon, and saw 12 of its levels.

You collected 464 gold pieces.

Inventory:

Hand Weapons
 a - a +0 war axe
 p - a +1 hand axe of flaming
 F - a +0 executioner's axe (weapon)
 I - a +1 flail of draining
 U - a +4 hand axe
Armour
 b - a +0 scale mail
 c - a +0 shield
 n - a +0 buckler
 x - a +1 pair of boots (worn)
 H - a +0 chain mail (worn)
 J - a +0 plate armour
Jewellery
 k - a ring of protection from fire (left hand)
 v - a +2 ring of strength (right hand)
 y - an uncursed amulet of guardian spirit
 D - an amulet of the gourmand (around neck)
 M - an uncursed amulet of harm
 P - a +2 ring of strength
Wands
 C - a wand of acid (3)
 E - a wand of iceblast (12)
 L - a wand of paralysis (11)
 T - a wand of random effects (18)
Scrolls
 h - a scroll of fear
 m - 3 scrolls of remove curse
 s - 6 scrolls of identify
 w - 4 scrolls of teleportation
 N - a scroll of magic mapping
Potions
 d - 2 potions of might
 e - 4 potions of haste
 l - a potion of magic
 o - 2 potions of resistance {unknown}
 t - 3 potions of brilliance
 z - 3 potions of curing
 G - a potion of degeneration {unknown}
 K - a potion of ambrosia {unknown}
 S - a potion of mutation {unknown}
Books
 A - a book of Geomancy

   Spells                             Type                      Level
   a - Sandblast                      Earth                        1
   b - Passwall                       Transmutation/Earth          2
   c - Stone Arrow                    Conjuration/Earth            3
   d - Petrify                        Transmutation/Earth          4
   e - Lee's Rapid Deconstruction     Earth                        5
 V - a book of Maledictions

   Spells                             Type                      Level
   a - Corona                         Hexes                        1
   b - Ensorcelled Hibernation        Hexes/Ice                    2
   c - Confuse                        Hexes                        3
   d - Tukima's Dance                 Hexes                        3
   e - Dazzling Spray                 Conjuration/Hexes            3
Miscellaneous
 O - a phial of floods
 Q - a sack of spiders
Comestibles
 f - 3 bread rations
 g - 4 meat rations
 i - 2 chunks of flesh
 j - 8 royal jellies
 B - 5 fruits


   Skills:
 + Level 10.5(9.3) Fighting
 + Level 13.9(12.6) Axes
 + Level 12.6(11.3) Armour
 - Level 5.3(4.2) Shields


You had 10 spell levels left.
You didn't know any spells.

Dungeon Overview and Level Annotations

Branches:
Dungeon (11/15)            Temple (1/1) D:6            Lair (0/6) D:9
    Orc: D:9-12

Altars:
Ashenzari
Cheibriados
Dithmenos
Elyvilon
Fedhas
Gozag
Hepliaklqana
Makhleb
Nemelex Xobeh
Okawaru
Qazlal
Ru
Sif Muna
Trog
Uskayaw
Vehumet
Wu Jian
Xom
Yredelemnul
Zin
The Shining One

Annotations:
D:9 Dawnplanks's ghost, novice MiFi


Innate Abilities, Weirdness & Mutations

You reflexively headbutt those who attack you in melee.
You have a pair of horns on your head.


Message History

Something hits you but does no damage.
You slice something!! Okawaru accepts your kill.
Reactivating autopickup.
You feel a bit more experienced.
You completely miss the cyclops.
The cyclops hits you but does no damage.
The orc wizard barely misses you. You furiously retaliate!
You headbutt the orc wizard!
You kill the orc wizard!
Okawaru accepts your kill.
The cyclops throws a large rock.
The large rock hits you!
* * * LOW HITPOINT WARNING * * *
Items here: ( )) / [[ †† The cyclops throws a large rock.
The large rock hits you but does no damage.
You see here a large rock.
Things that are here:
a war axe; a plate armour The cyclops throws a large rock.
The large rock hits you!
You die...

........# #...######
........# ##..#.....
........# #..#.....
......C.# #..#.....
#####.# #..#.....
#...#(# #..'..# #...'(#
#..####..
#...#)#########........
#...#.@..((......####+#
#...#.).(######..#
#...'.)()# #..#
#...#.)))# #..#
#####....# #..# ......#
#..# ......... ....
........... ....
............


You could see a cyclops.

Vanquished Creatures
  The ghost of kilk the Skirmisher, a novice DrAE (D:8)
  A two-headed ogre (D:7)
  2 unseen horrors (D:10)
  The ghost of Raine357 the Summoner, a novice TeSu of Kikubaaqudgha (D:7)
  2 trolls
  A hornet (D:9)
  A hippogriff (D:10)
  Sigmund (D:2)
  2 wyverns
  2 basilisks
  4 yaks (D:8)
  A hungry ghost (D:9)
  A soldier ant (D:10)
  3 porcupines
  3 orc warriors
  2 black bears
  5 ice beasts
  3 phantoms
  2 ogres (D:9)
  10 centaurs
  2 crocodiles (D:9)
  A big kobold (D:7)
  7 bullfrogs
  A gnoll sergeant (D:6)
  5 scorpions
  9 killer bees
  8 crimson imps
  2 centaur zombies
  3 hounds
  A quasit (D:7)
  7 orc priests
  2 bullfrog skeletons
  A gnoll shaman (D:5)
  A jelly (D:9)
  15 orc wizards
  2 centaur skeletons
  4 iguanas
  6 worker ants
  A killer bee zombie (D:8)
  A mummy (D:7)
  9 gnolls
  15 adders
  2 shadow imps
  A white imp (D:10)
  2 adder skeletons
  2 worms
  5 dart slugs
  8 leopard geckos
  52 orcs
  12 bats
  3 giant cockroaches
  3 goblins
  6 hobgoblins
  17 jackals
  10 kobolds
  5 quokkas
  A ball python (D:5)
  7 frilled lizards
  7 rats
  A fungus (D:6)
295 creatures vanquished.

Vanquished Creatures (others)
  A fungus (D:9)
1 creature vanquished.

Grand Total: 296 creatures vanquished

Notes
Turn   | Place    | Note
-------+----------+-------------------------------------------
     0 | D:1      | Devintownsend the Minotaur Fighter began the quest for the Orb.
     0 | D:1      | Reached XP level 1. HP: 19/19 MP: 0/0
   307 | D:1      | Reached XP level 2. HP: 19/27 MP: 1/1
   951 | D:2      | Upgraded the game from 0.21-a0-69-g3fa40af to 0.21-a0-85-ga0cb861
   969 | D:2      | Reached XP level 3. HP: 32/33 MP: 2/2
  1035 | D:2      | Reached skill level 3 in Axes
  1084 | D:2      | Reached XP level 4. HP: 23/40 MP: 3/3
  1477 | D:2      | Found a white marble altar of Elyvilon.
  1580 | D:2      | Found a glowing silver altar of Zin.
  1584 | D:2      | Found a snail-covered altar of Cheibriados.
  1625 | D:2      | Found a stormy altar of Qazlal.
  1705 | D:2      | Noticed Sigmund
  1725 | D:2      | Killed Sigmund
  1725 | D:2      | Reached skill level 4 in Axes
  1725 | D:2      | Reached skill level 5 in Armour
  1725 | D:2      | Reached skill level 5 in Shields
  1725 | D:2      | Reached XP level 5. HP: 25/47 MP: 4/4
  2005 | D:3      | Reached XP level 6. HP: 53/53 MP: 5/5
  2101 | D:3      | Reached skill level 5 in Axes
  2818 | D:4      | Found an ornate altar of the Wu Jian Council.
  2957 | D:4      | Found a radiant altar of Vehumet.
  2983 | D:4      | Reached skill level 5 in Fighting
  2983 | D:4      | Reached skill level 6 in Axes
  3037 | D:4      | Reached XP level 7. HP: 61/61 MP: 6/6
  3473 | D:5      | Entered Level 5 of the Dungeon
  3673 | D:5      | Reached skill level 7 in Axes
  4090 | D:5      | Reached skill level 8 in Axes
  4164 | D:5      | Upgraded the game from 0.21-a0-85-ga0cb861 to 0.21-a0-529-g8c7b3f5
  4273 | D:6      | Reached XP level 8. HP: 69/69 MP: 7/7
  4359 | D:6      | Reached skill level 9 in Axes
  4360 | D:6      | Found a staircase to the Ecumenical Temple.
  4858 | D:7      | Noticed a two-headed ogre
  4873 | D:7      | Killed a two-headed ogre
  4873 | D:7      | Reached skill level 10 in Axes
  4873 | D:7      | Reached XP level 9. HP: 26/79 MP: 3/8
  4883 | D:7      | Noticed Raine357's ghost (novice TeSu)
  4901 | D:7      | Killed Raine357's ghost
  4901 | D:7      | Reached skill level 11 in Axes
  5832 | D:8      | Noticed kilk's ghost (novice DrAE)
  5840 | D:8      | Reached skill level 12 in Axes
  5877 | D:8      | Killed kilk's ghost
  5877 | D:8      | Reached XP level 10. HP: 32/90 MP: 9/9
  7002 | D:9      | Found a staircase to the Lair.
  7212 | D:9      | Reached skill level 10 in Armour
  7486 | D:9      | Noticed Dawnplanks's ghost (novice MiFi)
  7743 | D:9      | Reached skill level 13 in Axes
  9776 | D:9      | HP: 3/93 [Dawnplanks's ghost (6)]
  9776 | D:9      | HP: 1/93 [Dawnplanks's ghost (2)]
 10440 | D:7      | Found a snail-covered altar of Cheibriados.
 10581 | Temple   | Entered the Ecumenical Temple
 10666 | Temple   | Became a worshipper of Warmaster Okawaru
 10981 | D:10     | Entered Level 10 of the Dungeon
 10996 | D:10     | Killed an unseen horror
 10996 | D:10     | Reached XP level 11. HP: 73/99 MP: 10/10
 11466 | D:10     | Killed an unseen horror
 11466 | D:10     | Reached * piety under Okawaru
 11466 | D:10     | Reached skill level 10 in Fighting
 12650 | D:11     | Reached ** piety under Okawaru
 12686 | D:11     | Hit by a large rock thrown by a cyclops

Vault maps used:
D:1:      kennysheep_arrival_seaside, minmay_hedge_maze, st_stairs_14
D:2:      nicolae_overflow_hidden_temple, elyvilon_altar_4, uniq_sigmund
D:3:      cheibrodos_helix_gallery, first_bread
D:4:      old_standard_altar, old_standard_altar
D:6:      old_forge, minmay_temple_entry_grid, serial_corexii_hall,
          corexii_hall_statues_x, corexii_hall_statues_i, corexii_hall_statues_u
D:7:      lemuel_zombie_altar_kikubaaqudgha, the_bakery, chei_slow_surprise
D:9:      minmay_lair_entry_grove
D:10:     cheibrodos_elevator_heist, minmay_nine_imps
D:11:     orc_0_dummy
Temple:   regret_index_temple_sphere_string

Skill      XL: |  1  2  3  4  5  6  7  8  9 10 11 |
---------------+----------------------------------+-----
Shields        | 4 5 |  5.3
Armour         | 4 5 6 7 9 11 12 | 12.6
Fighting       | 4 5 7 8 9 10 | 10.5
Axes           | 3 4 6 8 10 12 13 | 13.9

Action                   |  1- 3 |  4- 6 |  7- 9 | 10-12 || total
-------------------------+-------+-------+-------+-------++-------
Melee: War axe           |    89 |    61 |       |       ||   150
       Headbutt          |    14 |    13 |    59 |   111 ||   197
       Hand axe          |       |    72 |   285 |   460 ||   817
       Executioner's axe |       |       |       |    20 ||    20
Invok: Heroism           |       |       |       |     1 ||     1
  Use: Scroll            |       |     3 |       |     6 ||     9
       Potion            |       |       |     2 |     4 ||     6
  Eat: Chunk             |       |     6 |    21 |    25 ||    52
       Fruit             |       |       |       |     2 ||     2
Armor: Scale mail        |    54 |    42 |    68 |       ||   164
       Chain mail        |       |       |    23 |   274 ||   297
Dodge: Dodged            |    25 |    54 |   107 |   130 ||   316
Block: Shield            |    65 |    31 |       |       ||    96
       Buckler           |       |    33 |    59 |    82 ||   174

Table legend:
 A = Spawn XP
 B = Non-spawn XP
 C = Spawn XP percentage of total XP
 D = Spawn monster count
 E = Non-spawn monster count
 F = Spawn count percentage of total count
 G = Total turns spent on level
                    A         B        C        D         E        F      G
               +---------+---------+-------+---------+---------+-------+---------
         Total |       0 |   14411 |   0.0 |       0 |     177 |   0.0 |  8522
               +---------+---------+-------+---------+---------+-------+---------
           D:6 |       0 |     758 |   0.0 |       0 |      20 |   0.0 |   799
           D:7 |       0 |    2980 |   0.0 |       0 |      49 |   0.0 |  1092
           D:8 |       0 |    3379 |   0.0 |       0 |      28 |   0.0 |  3363
           D:9 |       0 |    2445 |   0.0 |       0 |      30 |   0.0 |  1778
          D:10 |       0 |    3884 |   0.0 |       0 |      33 |   0.0 |  1200
          D:11 |       0 |     965 |   0.0 |       0 |      17 |   0.0 |    81
               +---------+---------+-------+---------+---------+-------+---------
